 Dungeon Crawl Stone Soup version 0.31-a0-1074-g0b22e4e0f1 (webtiles) character file.

Game seed: 15768897751338457307

18 Curundu the Trooper (level 2, -1/39 HPs)
             Began as a Draconian Berserker on Dec 4, 2023.
             Was a Follower of Trog.
             Slain by Terence
             ... wielding a +0 mace
              (6 damage)
             ... on level 2 of the Dungeon.
             The game lasted 00:04:31 (695 turns).

Curundu the Trooper (Draconian Berserker)            Turns: 695, Time: 00:04:31

Health: -1/39      AC: 21    Str: 19    XL:     2   Next: 48%
Magic:  2/2        EV:  2    Int:  7    God:    Trog [*.....]
Gold:   48         SH:  0    Dex: 10    Spells: 1/1 levels left

rFire   x . .        f - +0 dagger (speed)
rCold   + . .        (no shield)
rNeg    . . .        (body armour unavailable)
rPois   +            (helmet currently unavailable)
rElec   .            (cloak currently unavailable)
rCorr   .            (gloves currently unavailable)
SInv    .            (boots currently unavailable)
Will    .....        (no amulet)
Stlth   +            e - ring of ice
HPRegen 0.26/turn    (no ring)
MPRegen 0.08/turn

%: no passive effects
@: tree-form
A: stationary, stasis, torment immunity, boosted hp, AC +4, unfitting armour,
(cold-blooded)
a: Renounce Religion, Berserk


You were on level 2 of the Dungeon.
You worshipped Trog.
Trog was aware of your devotion.
You were a tree.
You visited 1 branch of the dungeon, and saw 2 of its levels.

You collected 48 gold pieces.

Inventory:

Hand Weapons
 a - a +0 hand axe
 d - a +0 sling
 f - a +0 dagger of speed (weapon)
Missiles
 c - 4 curare-tipped darts (quivered)
 h - 29 stones
Jewellery
 e - a ring of ice (left branch)
Scrolls
 i - 2 scrolls of enchant armour {unknown}
 j - a scroll of identify {unknown}
 l - a scroll of enchant weapon {unknown}
Potions
 b - a potion of haste {unknown}
 g - 3 potions of lignification
 k - a potion of attraction {unknown}
 m - a potion of mutation {unknown}


   Skills:
 + Level 3.5 Fighting
 + Level 3.3 Axes
 + Level 3.0 Dodging


You had one spell level left.
You didn't know any spells.
Your spell library contained the following spells:

 Spells                   Type           Power      Damage    Failure   Level
 Conjure Ball Lightning   Conj/Air       0%         3x3d6     100%        6
 Discord                  Hex            0%         N/A       100%        8
 Disjunction              Tloc           0%         N/A       100%        8


Dungeon Overview and Level Annotations

Branches:
Dungeon (2/15)

Altars:

Annotations:
D:2 Terence


Innate Abilities, Weirdness & Mutations

You are a tree.
Your roots penetrate the ground, keeping you stationary.
You cannot be teleported.
You are immune to unholy pain and torment.
Your maximum health is greatly increased.
Your equipment is partially melded.
((Your plain brown scales are hard. (AC +4)))
You cannot fit into any form of body armour.
((You are cold-blooded and may be slowed by cold attacks.))


Message History

The kobold hits you with a +0 short sword.
Terence hits you with a +0 mace.
You hit Terence but do no damage.
Your tail-slap misses Terence.
Terence is lightly wounded.
The kobold misses you. The goblin hits you but does no damage.
The rat barely misses you. Terence hits you with a +0 mace.
* * * LOW HITPOINT WARNING * * *
You hit Terence but do no damage.
Terence is lightly wounded.
The goblin hits you with a +0 dagger.
* * * LOW HITPOINT WARNING * * *
The rat bites you but does no damage. Terence barely misses you.
The kobold hits you but does no damage. The kobold barely misses you.
The goblin attacks as it pursues you! The goblin closely misses you.
The kobold closely misses you. The kobold attacks as it pursues you!
The kobold hits you but does no damage.
The kobold throws a stone.
The stone closely misses you. The kobold hits you but does no damage.
You hit the kobold but do no damage.
Your tail-slap misses the kobold.
You barely miss the kobold. You tail-slap the kobold.
The kobold is severely wounded.
The kobold barely misses you.
You hit the kobold but do no damage.
Your tail-slap misses the kobold.
The kobold is severely wounded.
The kobold hits you with a +0 short sword.
* * * LOW HITPOINT WARNING * * *
Terence shouts, "DIE!!!"
You hit the kobold but do no damage.
The kobold is severely wounded.
You hit the kobold.
You kill the kobold!
Trog accepts your kill.
It was a potion of lignification.
You turn into a tree.
Your roots penetrate the ground.
Terence hits you but does no damage.
You closely miss Terence.
Terence is lightly wounded.
Terence hits you with a +0 mace.
You die...
Terence says, "Time to find some more victims."

##### #....### . #...#
#....#.# .# #...#
....#.###.# #...#
...+.....# #...# #####
..#..... ##...# #...#
#.#... .#
#..†.###...######r#.#...#.
##..............♣@g........
##.....##...######b#.......
##......<..................
......###...######.......#.
##....# #..># ##........
#)...####.... ....#...
..<....##..... ........
.###.####...... #..#####
.....#


You could see Terence, a goblin, a bat and a rat.

Vanquished Creatures
  A ball python (D:2)
  A giant cockroach (D:2)
  3 goblins (D:1)
  A hobgoblin (D:2)
  6 kobolds
  A quokka (D:1)
  A bat (D:1)
  2 rats (D:1)
16 creatures vanquished.

Notes
Turn   | Place    | Note
-------+----------+-------------------------------------------
     0 | D:1      | Curundu the Draconian Berserker began the quest for the
                  | Orb.
     0 | D:1      | Reached XP level 1. HP: 19/19 MP: 1/1
   383 | D:1      | Reached XP level 2. HP: 21/26 MP: 2/2
   673 | D:2      | Noticed Terence
   695 | D:2      | Slain by Terence

Illustrated notes

Levels and vault maps discovered:
D:1:      dpeg_arrival_connections, layout_rooms
D:2:      layout_basic, basic_altar, minmay_heptomino_o4, uniq_robin,
          uniq_terence, uniq_crazy_yiuf_cottage

Skill      XL: |  1  2 |
---------------+-------+-----
Dodging        | 3 |  3.0
Fighting       | |  3.5
Axes           | |  3.3

Action                     || total
---------------------------++-------
  Melee: Hand axe          ||    16
         Dagger            ||    67
         Tailslap          ||     7
    Use: Potion            ||     1
 Armour: Skin              ||    45
  Dodge: Dodged            ||    54

Table legend: (Time is in decaauts)
 A = Elapsed time spent in this place.
 B = Non-inter-level travel time spent in this place.
 C = Inter-level travel time spent in this place.
 D = Time resting spent in this place.
 E = Time spent auto-exploring this place.
 F = Levels seen in this place.
 G = Mean time per level.
                   A        B        C        D        E       F      G
               +--------+--------+--------+--------+--------+-----+--------+
         Total |    674 |    674 |      0 |     22 |      0 |   2 |  337.0 |
       Dungeon |    674 |    674 |      0 |     22 |      0 |   2 |  337.0 |
               +--------+--------+--------+--------+--------+-----+--------+

Top non-repeatable levels by time:
     D:1: 558 daAuts
     D:2: 116 daAuts
